 Dungeon Crawl Stone Soup version 0.21.1-1-g345015f (webtiles) character file.

226 Monsterracer the Digger (level 5, -4/38 HPs)
             Began as a Centaur Earth Elementalist on July 11, 2018.
             Slain by Eustachio
             ... wielding a +0 falchion
              (7 damage)
             ... on level 4 of the Dungeon.
             The game lasted 00:12:33 (2713 turns).

Monsterracer the Digger (CeEE)                      Turns: 2713, Time: 00:12:34

Health: -4/38      AC:  4    Str: 10    XL:     5   Next: 69%
Magic:  0/8        EV:  9    Int: 15    God:
Gold:   162        SH:  0    Dex: 10    Spells: 2/8 levels left

rFire    . . .     SeeInvis .     - Unarmed
rCold    . . .     Gourm    .   (no shield)
rNeg     . . .     Faith    .   d - +0 robe
rPois    .         Spirit   .   (no helmet)
rElec    .         Reflect  .   (no cloak)
rCorr    .         Harm     .   (no gloves)
MR       .....                  (no barding)
Stlth    +.........             (no amulet)
HPRegen  0.12/turn              (no ring)
MPRegen  0.11/turn              (no ring)

@: very slightly contaminated, invisible, very quick
A: large, hooves 3, deformed body, speed 2, tough skin 3
a: no special abilities


You were on level 4 of the Dungeon.
You were not hungry.

You visited 1 branch of the dungeon, and saw 5 of its levels.

You collected 162 gold pieces.

Inventory:

Missiles
 b - 10 stones (quivered)
Armour
 d - a +0 robe (worn)
 j - a +1 leather armour of positive energy
 l - a +2 large shield
Scrolls
 a - 2 scrolls of remove curse
 h - 4 scrolls of identify
Potions
 f - 2 potions of curing
 g - a potion of resistance
Books
 e - a book of Geomancy

   Spells                             Type                      Level
   a - Sandblast                      Earth                        1
   b - Passwall                       Transmutation/Earth          2
   c - Stone Arrow                    Conjuration/Earth            3
   d - Petrify                        Transmutation/Earth          4
   e - Lee's Rapid Deconstruction     Earth                        5
Comestibles
 c - 4 rations


   Skills:
 - Level 1.3 Dodging
 - Level 1.1 Stealth
 * Level 3.8 Unarmed Combat
 - Level 2.0 Spellcasting
 - Level 0.8 Transmutations
 * Level 4.3 Earth Magic


You had 2 spell levels left.
You knew the following spells:

 Your Spells              Type           Power        Failure   Level  Hunger
a - Sandblast             Erth           ##....       3%          1    #......
c - Stone Arrow           Conj/Erth      #.....       26%         3    ###....
x - Passwall              Tmut/Erth      #.........   12%         2    ###....


Dungeon Overview and Level Annotations

Branches:
Dungeon (5/15)
 Temple: D:4-7

Altars:

Annotations:
D:4 Eustachio


Innate Abilities, Weirdness & Mutations

You have hooves in place of feet.
Armour fits poorly on your strangely shaped body.
You cover ground very quickly.
You have extremely tough skin. (AC +3)


Message History

Aiming: Sandblast
Press: ? - help, Shift-Dir - straight line, f/p - Eustachio
Aim: Eustachio, wielding a falchion and wearing a leather armour (lightly wounded)
The blast of sand hits Eustachio.
Eustachio is moderately wounded.
b - 14 stones The ufetubus hits you.
* * * LOW HITPOINT WARNING * * *
The ufetubus closely misses you.
The ufetubus hits you but does no damage.
The ufetubus closely misses you.
You take 1 damage, and have 12/38 hp.
You now have 3/8 mp.
Casting: Sandblast
Confirm with . or Enter, or press ? or * to list all spells.
Aiming: Sandblast
Press: ? - help, Shift-Dir - straight line, f/p - Eustachio
Aim: Eustachio, wielding a falchion and wearing a leather armour (moderately wounded)
The blast of sand hits Eustachio.
Eustachio is moderately wounded.
b - 13 stones Eustachio hits you with a falchion.
* * * LOW HITPOINT WARNING * * *
The ufetubus hits you.
* * * LOW HITPOINT WARNING * * *
The ufetubus barely misses you.
You take 5 damage, and have 7/38 hp.
You now have 2/8 mp.
Casting: Sandblast
Confirm with . or Enter, or press ? or * to list all spells.
Aiming: Sandblast
Press: ? - help, Shift-Dir - straight line, f/p - Eustachio
Aim: Eustachio, wielding a falchion and wearing a leather armour (moderately wounded)
The blast of sand hits Eustachio.
Eustachio is heavily wounded.
b - 12 stones The ufetubus hits you.
* * * LOW HITPOINT WARNING * * *
The ufetubus barely misses you. Eustachio completely misses you.
The ufetubus hits you.
* * * LOW HITPOINT WARNING * * *
The ufetubus barely misses you.
You take 5 damage, and have 2/38 hp.
You now have 1/8 mp.
You feel better.
Eustachio casts a spell.
The ufetubus misses you. x2
You regained 9 hp, and now have 11/38 hp.
Casting: Sandblast
Confirm with . or Enter, or press ? or * to list all spells.
Aiming: Sandblast
Press: ? - help, Shift-Dir - straight line, f/p - Eustachio
Aim: Eustachio, wielding a falchion and wearing a leather armour (heavily wounded)
The blast of sand hits Eustachio.
Eustachio is severely wounded.
b - 11 stones The ufetubus hits you.
* * * LOW HITPOINT WARNING * * *
The ufetubus closely misses you. Eustachio barely misses you.
The ufetubus closely misses you.
The ufetubus hits you but does no damage.
You take 3 damage, and have 8/38 hp.
Casting: Sandblast
Confirm with . or Enter, or press ? or * to list all spells.
Aiming: Sandblast
Press: ? - help, Shift-Dir - straight line, f/p - Eustachio
Aim: Eustachio, wielding a falchion and wearing a leather armour (severely wounded)
The blast of sand hits Eustachio.
Eustachio is severely wounded.
b - 10 stones Eustachio mumbles some strange words.
Eustachio blinks!
The ufetubus hits you but does no damage.
The ufetubus closely misses you.
You now have 0/8 mp.
You barely miss the ufetubus. Your kick misses the ufetubus.
The ufetubus barely misses you. x2; The quasit bites you.
* * * LOW HITPOINT WARNING * * *
The quasit claws you.
* * * LOW HITPOINT WARNING * * *
The quasit claws you but does no damage.
You take 3 damage, and have 6/38 hp.
You fade into invisibility!
The ufetubus hits you.
* * * LOW HITPOINT WARNING * * *
The ufetubus closely misses you. The quasit bites you.
* * * LOW HITPOINT WARNING * * *
The quasit barely misses you. The quasit closely misses you.
The ufetubus barely misses you. x2
You are very lightly contaminated with residual magic.
You take 3 damage, and have 3/38 hp.
Unknown command.
You hit the ufetubus.
You kill the ufetubus!
The quasit barely misses you. x2
The quasit claws you but does no damage.
You hit Eustachio.
Eustachio is severely wounded.
The quasit closely misses you.
The quasit claws you but does no damage. x2
The iron imp shouts, "Slither hence, thou fawning guts-griping lewdster!"
Eustachio hits you with a falchion!
You die...

#.# #.#
#.# #.#
#. #.#
#.# #.#
#.# # #.#
#.####.##
#.@@5b5.#
#########


You could see Eustachio, an iron imp, a quasit and a bat.

Vanquished Creatures
  A howler monkey (D:4)
  2 hounds (D:4)
  A worker ant (D:4)
  4 adders
  An ooze (D:3)
  2 worms (D:4)
  2 leopard geckos
  4 orcs (D:4)
  11 bats
  4 goblins
  6 hobgoblins
  2 jackals (D:1)
  A quokka (D:4)
  A frilled lizard (D:1)
  6 kobolds
  A quokka skeleton (D:4)
  11 rats
60 creatures vanquished.

Notes
Turn   | Place    | Note
-------+----------+-------------------------------------------
     0 | D:1      | Monsterracer the Centaur Earth Elementalist began the quest for the Orb.
     0 | D:1      | Reached XP level 1. HP: 14/14 MP: 3/3
    72 | D:1      | HP: 6/14 [jackal (2)]
    74 | D:1      | HP: 1/14 [kobold/short sword (3)]
   126 | D:1      | HP: 2/14 [bat (1)]
   427 | D:1      | Reached skill level 3 in Earth Magic
   431 | D:1      | HP: 7/14 [hobgoblin/club (4)]
   450 | D:1      | Reached XP level 2. HP: 11/20 MP: 1/4
   458 | D:1      | HP: 9/20 [hobgoblin/club (2)]
   473 | D:1      | HP: 5/20 [hobgoblin (3)]
   480 | D:1      | HP: 2/20 [rat (3)]
   529 | D:1      | HP: 3/20 [rat (1)]
   599 | D:1      | Learned a level 2 spell: Passwall
   918 | D:1      | Reached skill level 1 in Unarmed Combat
   940 | D:1      | Reached XP level 3. HP: 23/26 MP: 5/5
  1199 | D:3      | Learned a level 3 spell: Stone Arrow
  1286 | D:3      | Reached XP level 4. HP: 20/33 MP: 5/7
  1453 | D:4      | HP: 13/33 [iguana (11)]
  1486 | D:4      | HP: 10/33 [iguana (6)]
  1499 | D:3      | HP: 10/33 [adder (1)]
  1580 | D:3      | HP: 11/33 [leopard gecko (2)]
  1850 | D:4      | HP: 16/33 [hound (5)]
  2027 | D:5      | Entered Level 5 of the Dungeon
  2037 | D:4      | HP: 16/33 [orc/club (1)]
  2042 | D:4      | Reached skill level 4 in Earth Magic
  2042 | D:4      | Reached XP level 5. HP: 17/38 MP: 2/8
  2152 | D:4      | HP: 17/38 [iguana (7)]
  2153 | D:4      | HP: 7/38 [iguana (11)]
  2186 | D:4      | Learned a level 3 spell: Stone Arrow
  2227 | D:4      | HP: 8/38 [howler monkey (5)]
  2303 | D:4      | HP: 14/38 [worker ant (2)]
  2305 | D:4      | HP: 2/38 [worker ant (7)]
  2631 | D:4      | HP: 19/38 [iguana (2)]
  2633 | D:4      | HP: 6/38 [iguana (6)]
  2660 | D:4      | Noticed Eustachio
  2704 | D:4      | HP: 12/38 [ufetubus[Eustachio] (1)]
  2706 | D:4      | HP: 2/38 [ufetubus[Eustachio] (4)]
  2711 | D:4      | HP: 4/38 [ufetubus[Eustachio] (2)]
  2713 | D:4      | Slain by Eustachio

Skill      XL: |  1  2  3  4 |
---------------+-------------+-----
Earth Magic    | 3 4 |  4.3
Unarmed Combat | 1 2 3 |  3.8
Spellcasting   | 2 |  2.0
Dodging        | |  1.3
Stealth        | |  1.1
Transmutations | |  0.8

Action                   |  1- 3 |  4- 6 || total
-------------------------+-------+-------++-------
Melee: Unarmed           |    50 |    45 ||    95
       Short sword       |    46 |       ||    46
       Kick              |    11 |     8 ||    19
       Punch             |       |     1 ||     1
 Cast: Sandblast         |    34 |    53 ||    87
  Use: Scroll            |       |     9 ||     9
       Potion            |       |     3 ||     3
 Stab: Sleeping          |     1 |     1 ||     2
  Eat: Chunk             |     1 |     4 ||     5
       Ration            |       |     1 ||     1
Armor: Robe              |    49 |    25 ||    74
Dodge: Dodged            |    54 |    55 ||   109

Vault maps used:
D:1:      lightli_arrival_isolated_outpost, minmay_pentomino_w4
D:2:      first_ration, chequers_ecumenical_altar_island, uniq_sigmund,
          uniq_natasha
D:3:      kennysheep_orc_chapel
D:4:      uniq_eustachio
D:5:      uniq_menkaure
